 Dungeon Crawl Stone Soup version 0.29-a0-284-gf9362112df (webtiles) character file.

Game seed: 6682027356998025886

657 zazu2006 the Magician (level 7, -8/57 HPs)
             Began as a Naga Hedge Wizard on Mar 19, 2022.
             Was an Initiate of Vehumet.
             Mangled by a yak (11 damage)
             ... on level 5 of the Dungeon.
             The game lasted 00:17:53 (7309 turns).

zazu2006 the Magician (Naga Hedge Wizard)           Turns: 7309, Time: 00:17:53

Health: -8/57      AC:  5    Str: 13    XL:     7   Next: 55%
Magic:  0/14       EV:  9    Int: 16    God:    Vehumet [......]
Gold:   88         SH:  0    Dex: 10    Spells: 6/15 levels left

rFire   . . .      SeeInvis +   a - +0 dagger
rCold   . . .      Faith    .   (no shield)
rNeg    . . .      Spirit   .   f - +0 leather armour
rPois   +          Reflect  .   c - +0 hat
rElec   .          Harm     .   (no cloak)
rCorr   .          Rampage  .   n - +0 pair of gloves
Will    .....                   (no barding)
Stlth   ++........              (no amulet)
HPRegen 0.19/turn               (no ring)
MPRegen 0.14/turn               (no ring)

@: very slightly contaminated, invisible, very slow
A: AC +2, large, see invisible, deformed body, poison resistance, slowness 2,
spit poison 1, naga tail 1
a: Spit Poison, Renounce Religion


You were on level 5 of the Dungeon.
You worshipped Vehumet.
Vehumet was noncommittal.
You visited 2 branches of the dungeon, and saw 6 of its levels.

You collected 128 gold pieces.
You spent 40 gold pieces at shops.

Inventory:

Hand Weapons
 a - a +0 dagger (weapon)
Armour
 c - a +0 hat (worn)
 f - a +0 leather armour (worn)
 n - a +0 pair of gloves (worn)
Wands
 d - a wand of digging (3)
Scrolls
 h - 3 scrolls of enchant armour
 j - a scroll of fog {unknown}
 k - 2 scrolls of teleportation
 o - a scroll of immolation {unknown}
 p - a scroll of blinking
 q - a scroll of vulnerability
 s - a scroll of magic mapping {unknown}
Potions
 b - a potion of might
 e - 2 potions of mutation {unknown}
 g - 2 potions of invisibility
 l - a potion of attraction
 r - 2 potions of brilliance


   Skills:
 + Level 1.1 Fighting
 + Level 2.3 Armour
 + Level 2.2 Dodging
 + Level 4.1 Stealth
 + Level 4.7 Spellcasting
 + Level 3.6 Conjurations
 + Level 1.0 Summonings
 + Level 1.0 Translocations
 + Level 1.2 Air Magic
 * Level 4.1 Poison Magic


You had 6 spell levels left.
You knew the following spells:

 Your Spells              Type           Power      Damage    Failure   Level
a - Magic Dart            Conj           60%        1d6       4%          1
b - Mephitic Cloud        Conj/Pois/Air  13%        N/A       19%         3
c - Conjure Flame         Conj/Fire      9%         6-21      28%         3
d - Blink                 Tloc           14%        N/A       21%         2

Your spell library contained the following spells:

 Spells                   Type           Power      Damage    Failure   Level
 Slow                     Hex            12%        N/A       21%         1
 Call Imp                 Summ           7%         N/A       21%         2
 Ignite Poison            Fire/Tmut/Pois 8%         N/A       34%         3
 Ozocubu's Armour         Ice            3%         N/A       52%         3
 Freezing Cloud           Conj/Ice/Air   4%         6-21      96%         5
 Metabolic Englaciation   Hex/Ice        1%         N/A       99%         5
 Simulacrum               Ice/Necr       1%         N/A       100%        6


Dungeon Overview and Level Annotations

Branches:
Dungeon (5/15)             Temple (1/1) D:4

Altars:
Ashenzari
Cheibriados
Dithmenos
Elyvilon
Fedhas
Gozag
Hepliaklqana
Kikubaaqudgha
Makhleb
Nemelex Xobeh
Okawaru
Qazlal
Ru
Sif Muna
Uskayaw
Vehumet
Wu Jian
Xom
Yredelemnul
Zin
The Shining One

Shops:
D:4 ?

Annotations:
D:4 3 runed translucent doors, Cecur's ghost, amateur DrEE


Innate Abilities, Weirdness & Mutations

Your serpentine skin is tough. (AC +2)
You have supernaturally acute eyesight. (SInv)
Armour fits poorly on your strangely shaped body.
Your system is resistant to poisons. (rPois)
You cover ground very slowly.
You can spit poison.
You have a snake-like lower body.


Message History

The yak barely misses you.
Your magical contamination has completely faded away.
There is an open door here.
Casting: Mephitic Cloud (dangerous; 19% risk of failure)
Confirm with . or Enter, or press ? or * to list all spells.
You miscast Conjure Flame.
You are very lightly contaminated with residual magic.
Nothing appears to happen.
Unknown command.
Casting: Conjure Flame (dangerous; 28% risk of failure)
Confirm with . or Enter, or press ? or * to list all spells.
You miscast Conjure Flame.
Nothing appears to happen.
The yak gores itself!
The yak seems less confused.
The yak attacks as you move away! The yak barely misses you.
The yak attacks as you move away! The yak gores you. The yak gores you!
The yak attacks as you move away! The yak gores you. The yak gores you!
The yak attacks as you move away! The yak gores you.
The yak attacks as you move away! The yak gores you.
* * * LOW HITPOINT WARNING * * *
The yak gores you!
* * * LOW HITPOINT WARNING * * *
Casting: Conjure Flame (dangerous; 28% risk of failure)
Confirm with . or Enter, or press ? or * to list all spells.
Okay, then.
Casting: Conjure Flame (dangerous; 28% risk of failure)
Confirm with . or Enter, or press ? or * to list all spells.
You miscast Blink.
Nothing appears to happen.
The yak gores you.
* * * LOW HITPOINT WARNING * * *
Casting: Blink (safe; 21% risk of failure)
Confirm with . or Enter, or press ? or * to list all spells.
You miscast Blink.
Nothing appears to happen.
The yak gores you but does no damage.
Unknown command.
Unknown command.
You feel better. The yak gores you!
* * * LOW HITPOINT WARNING * * *
You fade into invisibility!
The yak gores you!
You die...

.........'....#....#..<.#
.........#....#..).#....#
.........#....#....#....#
.........#....#....#>...#
#......[.#....##...##...#
#........#.)..##...##...#
#........#....##....#...#
#.......Y#....##....#...#
#.......@#..........#...#
#.......<#....##...##...#
#........#....##...##...#
#........#.....#..).....#
#........#.....#........#
#........#.....#........#
+........#.....#........#
#........##### #........#
#......... #........#


You could see a yak (can't see you).

Vanquished Creatures
  2 scorpions (D:5)
  5 orc priests
  2 hounds
  3 iguanas (D:4)
  An orc wizard (D:5)
  4 gnolls
  8 adders
  An ufetubus (D:4)
  A worm (D:2)
  3 dart slugs
  11 orcs
  7 ball pythons
  8 endoplasms
  16 giant cockroaches
  6 goblins
  5 hobgoblins
  6 jackals
  A quokka (D:1)
  6 bats
  5 frilled lizards
  4 kobolds
  5 rats
110 creatures vanquished.

Vanquished Creatures (others)
  A fungus (D:4)
  3 plants (D:4)
4 creatures vanquished.

Grand Total: 114 creatures vanquished

Notes
Turn   | Place    | Note
-------+----------+-------------------------------------------
     0 | D:1      | zazu2006 the Naga Hedge Wizard began the quest for the Orb.
     0 | D:1      | Reached XP level 1. HP: 15/15 MP: 4/4
   629 | D:1      | Reached XP level 2. HP: 22/22 MP: 1/6
  1655 | D:2      | Reached XP level 3. HP: 28/28 MP: 5/8
  1661 | D:2      | Learned a level 3 spell: Mephitic Cloud
  1666 | D:2      | Learned a level 3 spell: Conjure Flame
  1669 | D:2      | Learned a level 2 spell: Blink
  2006 | D:2      | Reached skill level 1 in Armour
  2284 | D:2      | Found a faded altar of an unknown god.
  2394 | D:2      | Reached skill level 1 in Poison Magic
  2580 | D:2      | Reached XP level 4. HP: 36/36 MP: 6/9
  3158 | D:3      | Reached XP level 5. HP: 35/42 MP: 0/10
  4386 | D:4      | Found a burning altar of Makhleb.
  4677 | D:4      | Found a runed translucent gate.
  4677 | D:4      | Found a runed translucent gate.
  4678 | D:4      | Found a runed translucent gate.
  4678 | D:4      | Noticed a kobold brigand
  4678 | D:4      | Noticed Cecur's ghost (amateur DrEE)
  4808 | D:4      | Reached XP level 6. HP: 28/50 MP: 5/12
  5189 | D:4      | Found a staircase to the Ecumenical Temple.
  5195 | Temple   | Entered the Ecumenical Temple
  5450 | Temple   | Became a worshipper of Vehumet
  6234 | D:4      | Found Zozedd's Magic Scroll Emporium.
  6239 | D:4      | Bought a scroll of identify for 20 gold pieces
  6239 | D:4      | Bought a scroll of identify for 20 gold pieces
  6460 | D:5      | Entered Level 5 of the Dungeon
  6486 | D:5      | Noticed a yak
  6724 | D:5      | Reached XP level 7. HP: 53/56 MP: 7/13
  6799 | D:5      | Reached skill level 1 in Air Magic
  6984 | D:5      | Reached skill level 1 in Fighting
  7306 | D:5      | HP: 2/57 [yak (3)]
  7309 | D:5      | Mangled by a yak

Illustrated notes

Levels and vault maps discovered:
D:1:      dpeg_arrival_windows_large_door, layout_basic,
          chequers_decorated_corner
D:2:      layout_basic, dreamdust_ecumenical_altar_angels_and_demons,
          minmay_misc_feat_secret_circle, chequers_serial_rivers_micro_a
D:3:      minmay_roachtagon, layout_basic, st_stairs_11
D:4:      layout_basic, bloody_makhleb, temple_doors_e,
          gammafunk_ghost_nasty_kobolds, serial_shops, shop
D:5:      layout_gridville, st_stairs_1
Temple:   mainiacjoe_temple_big_plus

Skill      XL: |  1  2  3  4  5  6  7 |
---------------+----------------------+-----
Armour         | 1 2 |  2.3
Poison Magic   | 1 2 3 4 |  4.1
Conjurations   | 2 3 |  3.6
Dodging        | 2 |  2.2
Spellcasting   | 4 |  4.7
Air Magic      | 1 |  1.2
Fighting       | 1 |  1.1
Stealth        | 4 |  4.1
Summonings     | |  1.0
Translocations | |  1.0

Action                   |  1- 3 |  4- 6 |  7- 9 || total
-------------------------+-------+-------+-------++-------
Melee: Dagger            |    23 |   146 |    33 ||   202
       Punch             |       |       |     1 ||     1
 Cast: Magic Dart        |   101 |   160 |    23 ||   284
       Mephitic Cloud    |       |    11 |    10 ||    21
       Blink             |       |       |     1 ||     1
 Abil: Spit Poison       |    13 |    28 |    17 ||    58
  Use: Scroll            |       |     9 |       ||     9
       Potion            |       |       |     4 ||     4
 Stab: Sleeping          |       |     2 |       ||     2
       Confused          |       |     4 |     5 ||     9
Armor: Leather armour    |    12 |    64 |    26 ||   102
Dodge: Dodged            |    30 |    95 |    30 ||   155

Table legend: (Time is in decaauts)
 A = Elapsed time spent in this place.
 B = Non-inter-level travel time spent in this place.
 C = Inter-level travel time spent in this place.
 D = Time resting spent in this place.
 E = Time spent auto-exploring this place.
 F = Levels seen in this place.
 G = Mean time per level.
                   A        B        C        D        E       F      G
               +--------+--------+--------+--------+--------+-----+--------+
         Total |   8581 |   8417 |    164 |    654 |   6272 |   6 | 1430.2 |
       Dungeon |   7997 |   7869 |    128 |    654 |   5743 |   5 | 1599.4 |
        Temple |    584 |    548 |     36 |      0 |    529 |   1 |  584.0 |
               +--------+--------+--------+--------+--------+-----+--------+

Top non-repeatable levels by time:
     D:3: 2077 daAuts
     D:4: 1931 daAuts
     D:1: 1832 daAuts
     D:2: 1434 daAuts
     D:5: 721 daAuts
  Temple: 584 daAuts
